 Dungeon Crawl Stone Soup version 0.25-a0-194-gece12570e2 (webtiles) character file.

Game seed: 17086609555460747925, levelgen mode: deterministic

42 Roikka the Caller (level 3, -2/19 HPs)
             Began as a Kobold Summoner on Dec 1, 2019.
             Slain by Crazy Yiuf
             ... wielding a +3 quarterstaff of chaos
              (12 damage)
             ... on level 2 of the Dungeon.
             The game lasted 00:05:31 (1847 turns).

Roikka the Caller (Kobold Summoner)                 Turns: 1847, Time: 00:05:32

Health: -2/19      AC:  3    Str:  6    XL:     3   Next: 77%
Magic:  5/7        EV: 15    Int: 16    God:
Gold:   89         SH:  0    Dex: 15    Spells: 4/7 levels left

rFire    . . .     SeeInvis .   d - +0 dagger
rCold    . . .     Gourm    .   (shield restricted)
rNeg     . . .     Faith    .   g - +0 leather armour
rPois    .         Spirit   .   (no helmet)
rElec    .         Reflect  .   (no cloak)
rCorr    .         Harm     .   (no gloves)
MR       .....                  (no boots)
Stlth    ++........             (no amulet)
HPRegen  0.06/turn              (no ring)
MPRegen  0.10/turn              (no ring)

@: lethally poisoned (-2 -> -14)
A: small, carnivore
a: no special abilities


You were on level 2 of the Dungeon.
You were completely stuffed.

You visited 1 branch of the dungeon, and saw 2 of its levels.

You collected 89 gold pieces.

Inventory:

Hand Weapons
 d - a +0 dagger (weapon)
Missiles
 b - 14 poisoned darts (quivered)
Armour
 a - a +0 robe
 g - a +0 leather armour (worn)
Scrolls
 i - a scroll of remove curse {unknown}
 j - a scroll of enchant weapon {unknown}
 k - a scroll of enchant armour {unknown}
Potions
 e - 2 potions of curing {unknown}
 h - a potion of degeneration {unknown}
Comestibles
 c - 2 rations
 f - 3 chunks of flesh


   Skills:
 + Level 0.7 Short Blades
 + Level 3.0 Dodging
 + Level 3.4 Stealth
 + Level 2.7 Spellcasting
 + Level 4.2 Summonings


You had 4 spell levels left.
You knew the following spells:

 Your Spells              Type           Power        Failure   Level  Hunger
a - Summon Small Mammal   Summ           ###.         5%          1    #......
b - Call Imp              Summ           ###.....     8%          2    ##.....

Your spell library contained the following spells:

 Spells                   Type           Power        Failure   Level  Hunger
 Call Canine Familiar     Summ           ###.....     16%         3    ###....
 Summon Guardian Golem    Hex/Summ       #.......     36%         3    ###....
 Summon Ice Beast         Ice/Summ       #.......     77%         4    #####..
 Summon Lightning Spire   Summ/Air       #.......     77%         4    #####..


Dungeon Overview and Level Annotations

Branches:
Dungeon (2/15)

Altars:

Annotations:
D:2 Crazy Yiuf, Robin


Innate Abilities, Weirdness & Mutations

You are small and have problems with some larger weapons.
You are carnivorous and can eat meat at any time.


Message History

Crazy Yiuf writhes in agony!
Crazy Yiuf hits your shadow imp with a +3 quarterstaff of chaos.
Your shadow imp dies!
Crazy Yiuf barely misses you.
You barely miss Crazy Yiuf.
Crazy Yiuf is almost dead.
Crazy Yiuf barely misses you.
You hit Crazy Yiuf but do no damage.
Crazy Yiuf is almost dead.
Casting: Call Imp (safe; 8% risk of failure)
Confirm with . or Enter, or press ? or * to list all spells.
Crazy Yiuf cries, "Two song head!"
Crazy Yiuf hits you with a +3 quarterstaff of chaos!
You are lethally poisoned!
You closely miss Crazy Yiuf.
Crazy Yiuf is almost dead.
You feel sick.
Crazy Yiuf hits you with a +3 quarterstaff of chaos!
Ouch! That really hurt!
You die...

##...###....####.
.... #....# ..
... ♣PP..♣ . ..
♣.P.♣♣ . ♣♣.♣♣
♣.♣♣ ♣♣.♣ ♣.♣♣
♣♣@♣ #g# ..r
#...# #..)# #####


You could see Crazy Yiuf and a friendly quokka.

Vanquished Creatures
  A gnoll (D:1)
  2 leopard geckos (D:1)
  A giant cockroach (D:1)
  3 goblins
  2 hobgoblins (D:1)
  6 bats
  A frilled lizard (D:1)
  A kobold (D:1)
  4 rats (D:1)
21 creatures vanquished.

Vanquished Creatures (collateral kills)
  A dart slug (D:1)
  A giant cockroach (D:1)
  2 goblins (D:1)
  3 hobgoblins (D:1)
  4 jackals (D:1)
  2 kobolds
  A quokka (D:2)
  2 frilled lizards (D:1)
16 creatures vanquished.

Grand Total: 37 creatures vanquished

Notes
Turn   | Place    | Note
-------+----------+-------------------------------------------
     0 | D:1      | Roikka the Kobold Summoner began the quest for the Orb.
     0 | D:1      | Reached XP level 1. HP: 10/10 MP: 3/3
   315 | D:1      | Reached XP level 2. HP: 15/15 MP: 5/5
   373 | D:1      | Learned a level 2 spell: Call Imp
   830 | D:1      | Reached XP level 3. HP: 14/19 MP: 6/6
  1502 | D:2      | Noticed Robin
  1832 | D:2      | Found a runed translucent door.
  1833 | D:2      | Noticed Crazy Yiuf
  1847 | D:2      | Slain by Crazy Yiuf

Levels and vault maps discovered:
D:1:      saegor_arrival_simple_e, layout_basic
D:2:      layout_rooms, marbit_many_paths, first_ration, okawaru_trees_2,
          uniq_natasha, uniq_crazy_yiuf_cottage, uniq_robin

Skill      XL: |  1  2  3 |
---------------+----------+-----
Stealth        | 3 |  3.4
Dodging        | 3 |  3.0
Short Blades   | |  0.7
Spellcasting   | |  2.7
Summonings     | |  4.2

Action                   || total
-------------------------++-------
Melee: Dagger            ||   123
       Unarmed           ||     2
 Cast: Summon Small Mamm ||    16
       Call Imp          ||    11
 Stab: Sleeping          ||     9
       Distracted        ||     2
  Eat: Chunk             ||    12
Armor: Robe              ||     6
       Leather armour    ||    20
Dodge: Dodged            ||   100

Table legend:
 A = Non-vault XP
 B = Vault XP
 C = Vault XP percentage of total XP
 D = Non-vault monster count
 E = Vault monster count
 F = Vault count percentage of total count
                 A         B        C        D         E       F
            +---------+---------+-------+---------+---------+-------
      Total |      59 |       1 |   1.7 |      36 |       1 |   2.7
            +---------+---------+-------+---------+---------+-------
        D:1 |      52 |       1 |   1.9 |      32 |       1 |   3.0
        D:2 |       7 |       0 |   0.0 |       4 |       0 |   0.0
            +---------+---------+-------+---------+---------+-------
